 Dungeon Crawl Stone Soup version 0.21.0-3-g78d12a8bdd (webtiles) character file.

2407 Gargoyl the Chopper (level 9, 0/74 HPs)
             Began as a Centaur Abyssal Knight on Jan 11, 2018.
             Was a Believer of Lugonu.
             Slain by a killer bee (6 damage)
             ... on level 7 of the Dungeon.
             The game lasted 00:13:25 (7510 turns).

Gargoyl the Chopper (Centaur Abyssal Knight)        Turns: 7510, Time: 00:13:26

Health: 0/74       AC: 19    Str: 16    XL:     9   Next: 23%
Magic:  22/22      EV:  3    Int: 11    God:    Lugonu [**....]
Gold:   380        SH:  0    Dex: 11    Spells: 8/8 levels left

rFire    . . .     SeeInvis .   e - +2 hand axe (freeze)
rCold    + + .     Gourm    .   (no shield)
rNeg     . . .     Faith    .   p - +2 chain mail {rC+}
rPois    .         Spirit   .   (no helmet)
rElec    .         Reflect  .   (no cloak)
rCorr    .         Harm     .   i - +0 pair of gloves
MR       .....                  d - +2 centaur barding {rC+}
Stlth    ..........             (no amulet)
HPRegen  0.22/turn              g - +2 ring of slaying
MPRegen  0.18/turn              q - ring of magical power

@: lethally poisoned (0 -> -14), very quick
A: large, hooves 3, deformed body, speed 2, tough skin 3
a: Depart the Abyss, Bend Space, Renounce Religion


You were on level 7 of the Dungeon.
You worshipped Lugonu.
Lugonu was pleased with you.
You were not hungry.

You visited 1 branch of the dungeon, and saw 7 of its levels.
You visited the Abyss 1 time.

You collected 380 gold pieces.

Inventory:

Hand Weapons
 a - a +1 hand axe
 e - a +2 hand axe of freezing (weapon)
 v - a +0 war axe
Missiles
 w - 3 silver tomahawks (quivered)
Armour
 d - a +2 centaur barding of cold resistance (worn)
 i - a +0 pair of gloves (worn)
 p - a +2 chain mail of cold resistance (worn)
Jewellery
 g - a +2 ring of slaying (left hand)
 q - a ring of magical power (right hand)
Wands
 m - a wand of digging (19)
 n - a wand of flame (27)
 u - a wand of paralysis (6)
Scrolls
 l - 5 scrolls of identify
 o - 2 scrolls of teleportation
 r - a scroll of enchant weapon
 x - a scroll of remove curse
 y - a scroll of amnesia
Potions
 b - a potion of agility {unknown}
 f - a potion of heal wounds {unknown}
 h - 3 potions of magic {unknown}
 j - 2 potions of haste
 k - 2 potions of curing
 s - 3 potions of mutation {unknown}
 t - a potion of resistance {unknown}
Comestibles
 c - 9 rations


   Skills:
 + Level 5.2 Fighting
 + Level 6.4 Axes
 + Level 0.1 Throwing
 * Level 6.1 Armour
 + Level 1.7 Dodging
 * Level 5.5 Invocations


You had 8 spell levels left.
You didn't know any spells.

Dungeon Overview and Level Annotations

Branches:
Dungeon (7/15)             Temple (0/1) D:6

Altars:
Ashenzari
Hepliaklqana
Qazlal
Xom


Innate Abilities, Weirdness & Mutations

You have hooves in place of feet.
Armour fits poorly on your strangely shaped body.
You cover ground very quickly.
You have extremely tough skin. (AC +3)


Message History

You barely miss the killer bee.
* * * LOW HITPOINT WARNING * * *
You feel sick.
The killer bee stings you but does no damage. x2
You miss the killer bee. Your kick misses the killer bee.
* * * LOW HITPOINT WARNING * * *
You feel sick. The killer bee stings you.
* * * LOW HITPOINT WARNING * * *
The killer bee barely misses you.
You barely miss the killer bee. You kick the killer bee!
The killer bee is moderately wounded.
* * * LOW HITPOINT WARNING * * *
You feel sick.
The killer bee stings you but does no damage. x2
You slash the killer bee! You freeze the killer bee.
Your kick misses the killer bee.
The killer bee is almost dead.
* * * LOW HITPOINT WARNING * * *
You feel sick. The killer bee stings you.
You die...

.## ..## ... #..
#.## #..## #y..#
#y#..### ###@###..#
#.....##.#
#.#.#.##.#
+.._..'.<#
#.#.#.#....#
#....[####.##
######'#####....
#.............##.#
..#######.######..##


You could see 2 killer bees.

Vanquished Creatures
  Pikel (D:6)
  Menkaure (D:5)
  Duvessa (D:4)
  A sky beast (D:6)
  A phantom (D:4)
  2 centaurs (D:6)
  Blork the orc (D:4)
  A bullfrog (D:6)
  Dowan (D:4)
  A scorpion (D:5)
  3 killer bees (D:7)
  3 howler monkeys
  3 wights
  4 crimson imps
  A hound (D:7)
  An orc priest (D:4)
  7 orc wizards
  A centaur skeleton (D:7)
  8 worker ants
  Terence (D:3)
  A hound zombie (D:5)
  9 adders
  3 shadow imps
  2 adder skeletons
  2 dart slugs
  2 leopard geckos
  15 orcs
  3 ball pythons
  3 bats
  4 giant cockroaches
  7 goblins
  2 hobgoblins
  2 jackals (D:2)
  2 quokkas
  7 frilled lizards
  2 kobolds
  A leopard gecko skeleton (D:7)
  4 rats
114 creatures vanquished.

Notes
Turn   | Place    | Note
-------+----------+-------------------------------------------
     0 | Abyss:1  | Gargoyl the Centaur Abyssal Knight began the quest for the Orb.
     0 | Abyss:1  | Reached XP level 1. HP: 19/19 MP: 2/2
    31 | Abyss:1  | Found a corrupted altar of Lugonu.
    60 | Abyss:2  | Noticed a blink frog
    60 | Abyss:2  | Noticed a blink frog
    60 | Abyss:2  | Noticed a blink frog
    97 | Abyss:2  | Noticed a ynoxinul
   123 | Abyss:2  | Noticed a neqoxec
   128 | Abyss:2  | Noticed a smoke demon
   129 | D:1      | Escaped the Abyss
   662 | D:1      | Reached XP level 2. HP: 26/26 MP: 3/3
   870 | D:1      | Reached * piety under Lugonu
  1181 | D:2      | Reached XP level 3. HP: 31/31 MP: 4/4
  2716 | D:3      | Noticed Terence
  2734 | D:3      | Killed Terence
  2734 | D:3      | Reached XP level 4. HP: 31/38 MP: 5/5
  3568 | D:4      | Reached XP level 5. HP: 8/45 MP: 7/7
  4189 | D:4      | Found a shattered altar of Ashenzari.
  4246 | D:4      | Noticed a phantom
  4259 | D:4      | Killed a phantom
  4259 | D:4      | Reached skill level 1 in Dodging
  4259 | D:4      | Reached XP level 6. HP: 49/52 MP: 8/8
  4449 | D:5      | Entered Level 5 of the Dungeon
  4563 | D:5      | Reached ** piety under Lugonu
  4937 | D:5      | Noticed Dowan
  5094 | D:5      | Reached XP level 7. HP: 54/59 MP: 9/9
  5198 | D:5      | Noticed Blork the orc
  5198 | D:5      | Noticed Duvessa
  5227 | D:4      | Killed Blork the orc
  5632 | D:4      | Killed Duvessa
  5655 | D:4      | Killed Dowan
  5742 | D:5      | Reached skill level 5 in Axes
  5922 | D:5      | Noticed Menkaure
  5929 | D:5      | Killed Menkaure
  5929 | D:5      | Reached XP level 8. HP: 51/67 MP: 11/11
  6111 | D:5      | Found a hazy altar of Hepliaklqana.
  6474 | D:6      | Found a stormy altar of Qazlal.
  6504 | D:6      | Reached skill level 5 in Fighting
  6624 | D:6      | Noticed an air elemental
  6673 | D:6      | Reached skill level 5 in Armour
  6720 | D:6      | Reached skill level 5 in Invocations
  6735 | D:6      | Noticed Pikel
  6750 | D:6      | Killed Pikel
  6750 | D:6      | Reached XP level 9. HP: 16/74 MP: 13/13
  7026 | D:6      | Identified a scroll of acquirement
  7126 | D:6      | Found a staircase to the Ecumenical Temple.
  7424 | D:7      | Found a shimmering altar of Xom.
  7510 | D:7      | Slain by a killer bee

Skill      XL: |  1  2  3  4  5  6  7  8  9 |
---------------+----------------------------+-----
Axes           | 2 3 4 5 6 |  6.4
Armour         | 2 3 4 5 6 |  6.1
Invocations    | 3 4 5 |  5.5
Dodging        | 1 |  1.7
Fighting       | 4 5 |  5.2
Throwing       | |  0.1

Action                   |  1- 3 |  4- 6 |  7- 9 || total
-------------------------+-------+-------+-------++-------
Melee: Hand axe          |   111 |   106 |   197 ||   414
       Kick              |    15 |    29 |    57 ||   101
       War axe           |       |       |    44 ||    44
Throw: Tomahawk          |       |       |     3 ||     3
Invok: Depart the Abyss  |     1 |       |       ||     1
Evoke: Wand              |       |     1 |       ||     1
  Use: Potion            |     1 |     2 |     1 ||     4
       Scroll            |     3 |     7 |     6 ||    16
  Eat: Chunk             |     4 |     5 |     5 ||    14
       Ration            |       |       |     1 ||     1
Armor: Chain mail        |    99 |    94 |   247 ||   440
       Skin              |     1 |       |       ||     1
Dodge: Dodged            |    45 |    26 |    33 ||   104
